 Dungeon Crawl Stone Soup version 0.24.1-4-ge52af88ad5 (webtiles) character file.

Game seed: 8412297721473610311, levelgen mode: deterministic

92408 Teivard the Severer (level 15, -2/141 HPs)
             Began as a Minotaur Fighter on Apr 11, 2020.
             Was a High Priest of Okawaru.
             Succumbed to a green very ugly thing's poison
             ... on level 3 of the Abyss on Apr 12, 2020.
             The game lasted 09:05:37 (23146 turns).

Teivard the Severer (Minotaur Fighter)             Turns: 23146, Time: 09:05:38

Health: -2/141     AC: 26    Str: 27      XL:     15   Next: 57%
Magic:  17/17      EV:  9    Int:  1 (2)  God:    Okawaru [*****.]
Gold:   1798       SH: 19    Dex: 12      Spells: 14/14 levels left

rFire    + . .     SeeInvis +   J - +2 war axe (vamp)
rCold    . . .     Gourm    .   V - +1 shield {AC+3}
rNeg     + . .     Faith    .   t - +2 plate armour {rF+}
rPois    +         Spirit   .   (helmet restricted)
rElec    +         Reflect  +   N - scarf {cloud immunity}
rCorr    .         Harm     .   Q - +0 pair of gloves
MR       ++...     Clarity  +   L - +1 pair of boots {Stlth+}
Stlth    ..........             e - +3 amulet of reflection
HPRegen  0.33/turn              a - ring "Lyclubbu" {+Fly rElec rPois rN+ Int-3}
MPRegen  0.15/turn              n - ring "Asyopn" {MR+ SInv}

@: lethally poisoned (-2 -> -26)
A: retaliatory headbutt, claws 1, horns 2, clarity, high mp 1, strong 1, wild
magic 1
a: Heroism, Finesse, Renounce Religion, Evoke Flight


You were on level 3 of the Abyss.
You worshipped Okawaru.
Okawaru was extremely pleased with you.
You were not hungry.

You visited 6 branches of the dungeon, and saw 20 of its levels.
You visited the Abyss 1 time.
You also visited: Ice Cave.

You collected 1908 gold pieces.
You spent 110 gold pieces at shops.

Inventory:

Hand Weapons
 d - a +5 dire flail of protection
 g - a +0 spear of venom
 m - a +1 eveningstar of draining
 q - a +1 vampiric spear
 z - a +0 flail of venom
 J - a +2 vampiric war axe (weapon)
 P - a +0 war axe of freezing
Missiles
 l - 7 javelins (quivered)
Armour
 r - a +0 chain mail of poison resistance
 t - a +2 plate armour of fire resistance (worn)
 u - a +1 scale mail of magic resistance
 L - a +1 pair of boots of stealth (worn)
 N - a scarf of cloud immunity (worn)
 Q - a +0 pair of gloves (worn)
 V - a +1 shield of protection (worn)
Jewellery
 a - the ring "Lyclubbu" (left hand) {+Fly rElec rPois rN+ Int-3}
   (You found it in an ice cave)

   [ring of flight]

   It affects your intelligence (-3).
   It insulates you from electricity.
   It protects you from poison.
   It protects you from negative energy.
   It lets you fly.
 b - a +2 ring of strength
 e - a +3 amulet of reflection (around neck)
 k - a +2 ring of protection
 n - the ring "Asyopn" (right hand) {MR+ SInv}
   (You found it on level 7 of the Dungeon)

   [ring of see invisible]

   It affects your resistance to hostile enchantments.
   It lets you see invisible.
Wands
 c - a wand of disintegration (12)
 s - a wand of iceblast (12)
 x - a wand of acid (10)
 y - a wand of clouds (5)
 K - a wand of digging (3)
Scrolls
 h - 5 scrolls of amnesia
 o - 12 scrolls of remove curse
 p - a scroll of fear
 C - 2 scrolls of immolation
 D - 2 scrolls of blinking
 O - 5 scrolls of identify
 S - 2 scrolls of teleportation
 U - a scroll of brand weapon
 X - 2 scrolls of torment
Potions
 E - 4 potions of flight
 F - a potion of magic
 G - 2 potions of brilliance
Miscellaneous
 w - a lamp of fire
 W - a phial of floods
Comestibles
 f - 36 rations


   Skills:
 * Level 15.3 Fighting
 + Level 17.3 Axes
 - Level 0.2 Throwing
 * Level 15.1 Armour
 - Level 2.0 Dodging
 + Level 17.2 Shields
 + Level 2.7 Invocations


You had 14 spell levels left.
You didn't know any spells.
Your spell library contained the following spells:

 Spells                   Type           Power        Failure   Level  Hunger
 Animate Skeleton         Necr           N/A          99%         1    ##.....
 Apportation              Tloc           #.....       99%         1    ##.....
 Beastly Appendage        Tmut           #.....       99%         1    ##.....
 Confusing Touch          Hex            #.....       99%         1    ##.....
 Corona                   Hex            #......      99%         1    ##.....
 Infusion                 Chrm           #...         99%         1    ##.....
 Summon Small Mammal      Summ           #...         99%         1    ##.....
 Call Imp                 Summ           #.......     100%        2    ###....
 Ensorcelled Hibernation  Hex/Ice        #.....       100%        2    ###....
 Searing Ray              Conj           #.....       100%        2    ###....
 Shroud of Golubria       Chrm/Tloc      #.....       100%        2    ###....
 Song of Slaying          Chrm           #.......     100%        2    ###....
 Sticks to Snakes         Tmut           #.......     100%        2    ###....
 Call Canine Familiar     Summ           #.......     100%        3    ####...
 Confuse                  Hex            #.......     100%        3    ####...
 Dazzling Spray           Conj/Hex       #.....       100%        3    ####...
 Regeneration             Chrm/Necr      #.........   100%        3    ####...
 Spectral Weapon          Hex/Chrm       #.......     100%        3    ####...
 Spider Form              Tmut/Pois      #.........   100%        3    ####...
 Summon Guardian Golem    Hex/Summ       #.......     100%        3    ####...
 Tukima's Dance           Hex            #.......     100%        3    ####...
 Ice Form                 Ice/Tmut       #.......     100%        4    #####..
 Summon Ice Beast         Ice/Summ       #.......     100%        4    #####..
 Summon Lightning Spire   Summ/Air       #.......     100%        4    #####..
 Throw Icicle             Conj/Ice       #.......     100%        4    #####..
 Blade Hands              Tmut           #.........   100%        5    ######.
 Bolt of Magma            Conj/Fire/Erth #.........   100%        5    ######.


Dungeon Overview and Level Annotations

Branches:
Dungeon (10/15)            Temple (1/1) D:5            Lair (3/6) D:9
  Swamp (2/4) Lair:3          Orc (2/2) D:10            Elf (2/3) Orc:2
  IceCv (visited)
  Snake: Lair:2-4    Spider: Lair:2-4

Altars:
Ashenzari
Dithmenos
Elyvilon
Gozag
Hepliaklqana
Nemelex Xobeh
Okawaru
Qazlal
Ru
Sif Muna
Trog
Uskayaw
Vehumet
Xom
Zin
The Shining One
Beogh

Shops:
D:4 !==:[   Orc:2 [[(%   Elf:2 }


Innate Abilities, Weirdness & Mutations

You reflexively headbutt those who attack you in melee.
You have a pair of horns on your head.
You have sharp fingernails.
You possess an exceptional clarity of mind.
You have an increased reservoir of magic. (+10% MP)
Your muscles are strong. (Str +2)
Your spells are a little harder to cast, but a little more powerful.


Message History

* * * LOW HITPOINT WARNING * * *
You feel very sick.
The cyan very ugly thing kicks something!
The cyan very ugly thing shocks something!!
Your large abomination hits the cyan very ugly thing!
You feel like a meek peon again.
* * * LOW HITPOINT WARNING * * *
You feel sick.
The cyan very ugly thing kicks your large abomination.
The cyan very ugly thing shocks your large abomination!!
Your large abomination hits the cyan very ugly thing!
* * * LOW HITPOINT WARNING * * *
You feel very sick.
The cyan very ugly thing kicks your large abomination!
The cyan very ugly thing shocks your large abomination!!
Your large abomination is destroyed!
The white very ugly thing tail-slaps your glowing orange brain!
The white very ugly thing freezes your glowing orange brain!!!
Your chaos spawn gores the cyan very ugly thing but does no damage.
You die...

.. ... ##.
.###.###.###.###..#
...#...#...#...#...
.................
....∩..........##
........#.....# .#
..#..#...#..#
#.#... .#....#..# .
. ..†)#uG4#.@.# # .
. . #.#u.....# ...
#.##........# . #.#
#........#
..._.........# #
......#.....## .#
#...#.....# #..
..#........
...........##


You could see a cyan very ugly thing.

Vanquished Creatures
  Saint Roka (Orc:2)
  A tentacled starspawn (Abyss:2)
  A thorn hunter (Swamp:1)
  A deep elf sorcerer (Elf:2)
  A frost giant (IceCv)
  The ghost of Kaneis the Grappler, a journeyman TrFi of the Shining One (Orc:1)
  An orc warlord (Orc:2)
  A deep elf elementalist (Elf:1)
  A very ugly thing (Swamp:2)
  A great orb of eyes (Abyss:2)
  A naga warrior (Abyss:2)
  2 hydras
  A centaur warrior (D:9)
  A shambling mangrove (Swamp:2)
  9 alligators
  4 two-headed ogres
  7 dancing weapons
  A death yak (IceCv)
  Urug (Orc:1)
  An orc high priest (Orc:2)
  2 hell hogs (Abyss:2)
  Sonja (D:10)
  4 deep elf knights
  An unseen horror (D:7)
  6 deep elf archers
  A necromancer (Abyss:2)
  2 orc knights (Orc:2)
  Pikel (D:5)
  A stone giant zombie (Abyss:2)
  20 deep elf magi
  5 orc sorcerers (Orc:2)
  A wolf spider (D:9)
  The ghost of Uxkaucw the Grave Robber, a novice DsNe (D:9)
  An apocalypse crab (Abyss:2)
  An ice statue (IceCv)
  A torpor snail (Lair:2)
  7 spiny frogs
  A rime drake (IceCv)
  5 komodo dragons
  A kobold demonologist (D:7)
  6 trolls
  4 tyrant leeches
  2 meliai (Abyss:3)
  18 polar bears (IceCv)
  6 hornets
  3 blink frogs (Lair:3)
  A slime creature (D:7)
  5 bog bodies
  3 dream sheep (Lair:2)
  An air elemental (Elf:1)
  3 large abominations (Abyss:2)
  An ettin skeleton (Abyss:2)
  A wraith (D:10)
  4 flying skulls (Abyss:2)
  3 hippogriffs
  3 spriggans
  2 water elementals
  A fire elemental (Elf:1)
  26 yaks
  Eustachio (D:5)
  13 vampire mosquitoes
  2 hungry ghosts
  Edmund (D:5)
  4 wargs
  5 swamp worms
  4 insubstantial wisps (Swamp:2)
  5 water moccasins
  6 porcupines
  42 orc warriors
  3 small abominations (Abyss:2)
  3 swamp drakes (Swamp:2)
  6 ice beasts
  3 sky beasts
  13 ogres
  12 wolves (IceCv)
  2 centaurs (D:6)
  6 crocodiles
  A big kobold (D:7)
  2 gnoll sergeants
  10 bullfrogs
  2 earth elementals
  6 scorpions
  6 killer bees
  2 electric eels (Lair:3)
  16 wights
  3 howler monkeys (D:4)
  6 crimson imps
  2 bullfrog zombies
  7 starcursed masses (Abyss:2)
  10 hounds
  3 jellies
  31 orc wizards
  A gnoll shaman (D:4)
  23 orc priests
  A centaur skeleton (D:5)
  Natasha (twice) (D:3)
  3 iguanas
  14 worker ants
  2 killer bee zombies (D:7)
  A hound skeleton (D:8)
  Robin (D:3)
  A worker ant zombie (D:7)
  20 gnolls
  A howler monkey skeleton (D:6)
  15 adders
  2 shadow imps (D:10)
  13 white imps
  An ooze (D:1)
  An adder skeleton (D:7)
  4 worms
  3 dart slugs
  6 leopard geckos
  97 orcs
  6 giant cockroaches
  15 goblins
  15 hobgoblins
  12 jackals
  9 kobolds
  3 quokkas
  3 ball pythons
  6 bats
  6 frilled lizards
  A jackal skeleton (D:4)
  A leopard gecko skeleton (D:4)
  7 rats
  A fungus (D:9)
  A plant (Lair:2)
  3 starspawn tentacles (Abyss:2)
733 creatures vanquished.

Vanquished Creatures (others)
  A deep elf mage (Elf:2)
  A vampire mosquito (Swamp:2)
  A swamp drake (Swamp:2)
  A worm (D:5)
  A quokka (D:5)
  3 fungi (D:9)
  A plant (D:9)
  2 starspawn tentacles (Abyss:2)
11 creatures vanquished.

Grand Total: 744 creatures vanquished

Notes
Turn   | Place    | Note
-------+----------+-------------------------------------------
     0 | D:1      | Teivard the Minotaur Fighter began the quest for the Orb.
     0 | D:1      | Reached XP level 1. HP: 19/19 MP: 0/0
   143 | D:1      | Reached XP level 2. HP: 26/27 MP: 1/1
   304 | D:1      | Reached XP level 3. HP: 33/33 MP: 2/2
   979 | D:2      | Reached XP level 4. HP: 40/40 MP: 3/3
  1188 | D:2      | Noticed a gnoll sergeant
  1614 | D:2      | Killed a gnoll sergeant
  1614 | D:2      | Reached skill level 1 in Dodging
  1614 | D:2      | Reached XP level 5. HP: 45/47 MP: 4/4
  2292 | D:2      | Reached skill level 5 in Shields
  2577 | D:3      | Reached skill level 5 in Armour
  2577 | D:3      | Reached XP level 6. HP: 34/53 MP: 5/5
  2792 | D:3      | Found a glowing silver altar of Zin.
  2823 | D:3      | Found a faded altar of an unknown god.
  2983 | D:3      | Noticed Natasha
  2999 | D:3      | Killed Natasha
  3176 | D:3      | Noticed Robin
  3188 | D:3      | Killed Robin
  3188 | D:3      | Reached skill level 5 in Axes
  3321 | D:3      | Noticed Natasha
  3329 | D:3      | Killed Natasha
  3498 | D:4      | Reached skill level 5 in Fighting
  3538 | D:3      | Reached XP level 7. HP: 27/61 MP: 6/6
  3760 | D:4      | Found Eduudwed's Antique Armour Shop.
  4014 | D:4      | Found Puaj's Jewellery Emporium.
  4102 | D:4      | Bought a +2 ring of protection for 110 gold pieces
  4126 | D:4      | Found Muwa's Jewellery Shop.
  4190 | D:4      | Reached XP level 8. HP: 70/70 MP: 7/7
  4208 | D:4      | Found Unniffio's Distillery.
  4355 | D:4      | Found Okafoj's Book Boutique.
  4494 | D:5      | Entered Level 5 of the Dungeon
  4562 | D:5      | Noticed Pikel
  4585 | D:5      | Killed Pikel
  4597 | D:5      | Noticed Eustachio
  4658 | D:5      | Killed Eustachio
  4995 | D:5      | Found a staircase to the Ecumenical Temple.
  5012 | Temple   | Entered the Ecumenical Temple
  5033 | Temple   | Became a worshipper of Warmaster Okawaru
  5204 | D:5      | Reached XP level 9. HP: 64/78 MP: 8/8
  5386 | D:6      | Noticed Edmund
  5409 | D:5      | Killed Edmund
  5792 | D:6      | Reached skill level 10 in Axes
  5906 | D:6      | Reached * piety under Okawaru
  6916 | D:7      | Killed an unseen horror
  6916 | D:7      | Reached ** piety under Okawaru
  7123 | D:7      | Reached XP level 10. HP: 88/88 MP: 9/9
  7418 | D:7      | Found a stormy altar of Qazlal.
  7418 | D:7      | Found a faded altar of an unknown god.
  7426 | D:7      | Found a sparkling altar of Nemelex Xobeh.
  7428 | D:7      | Found a faded altar of an unknown god.
  7430 | D:7      | Found a hide-covered altar of Uskayaw.
  7658 | D:7      | Reached *** piety under Okawaru
  7682 | D:7      | Noticed a two-headed ogre
  7708 | D:7      | Killed a two-headed ogre
  7992 | D:7      | Identified the Grimoire of Bewitching Confrontation
  7996 | D:7      | Got a transparent platinum ring
  8005 | D:7      | Identified the ring "Asyopn" {MR+ SInv} (You found it on
                  | level 7 of the Dungeon)
  8254 | D:8      | Noticed a two-headed ogre
  8267 | D:8      | Killed a two-headed ogre
  8267 | D:8      | Reached **** piety under Okawaru
  8267 | D:8      | Reached skill level 10 in Shields
  8529 | D:8      | Noticed a two-headed ogre
  8539 | D:8      | Killed a two-headed ogre
  8539 | D:8      | Reached skill level 10 in Armour
  8539 | D:8      | Reached XP level 11. HP: 61/97 MP: 10/10
  9469 | D:8      | Identified a scroll of acquirement
  9478 | D:8      | Gained mutation: Scrolls take you a little longer to read.
                  | [potion of mutation]
  9478 | D:8      | Gained mutation: You are partially covered in molten
                  | scales. (AC +2) [potion of mutation]
  9479 | D:8      | Lost mutation: You are partially covered in molten scales.
                  | (AC +2) [potion of mutation]
  9479 | D:8      | Gained mutation: Your muscles are strong. (Str +2) [potion
                  | of mutation]
  9479 | D:8      | Gained mutation: You are clumsy. (Dex -2) [potion of
                  | mutation]
  9479 | D:8      | Gained mutation: You have sharp fingernails. [potion of
                  | mutation]
  9479 | D:8      | Gained mutation: You have an increased reservoir of magic.
                  | (+10% MP) [potion of mutation]
  9598 | D:9      | Reached ***** piety under Okawaru
  9710 | D:9      | Found a bloodstained altar of Trog.
  9952 | D:9      | Found a staircase to the Lair.
  9965 | D:9      | Noticed a centaur warrior
  9982 | D:9      | Killed a centaur warrior
 10081 | D:9      | Found a transporter.
 10082 | D:9      | Found a transporter.
 10082 | D:9      | Noticed Uxkaucw's ghost (novice DsNe)
 10083 | D:9      | Noticed a wolf spider
 10114 | D:9      | HP: 6/145 [water moccasin (5)]
 10116 | D:9      | Killed a wolf spider
 10125 | D:9      | Killed Uxkaucw's ghost
 10125 | D:9      | Received a gift from Okawaru
 10394 | D:9      | Found a hazy altar of Hepliaklqana.
 10658 | D:9      | Upgraded the game from 0.24.1-1-gd1d2a07e1b to
                  | 0.24.1-4-ge52af88ad5
 10687 | Lair:1   | Entered Level 1 of the Lair of Beasts
 10768 | Lair:1   | Reached skill level 10 in Fighting
 10771 | Lair:1   | Found a frozen archway.
 11234 | IceCv    | Entered an ice cave
 11341 | IceCv    | Reached XP level 12. HP: 102/106 MP: 12/12
 11404 | IceCv    | Noticed a death yak
 11423 | IceCv    | Killed a death yak
 11653 | IceCv    | Noticed a frost giant
 11676 | IceCv    | Killed a frost giant
 11676 | IceCv    | Received a gift from Okawaru
 11676 | IceCv    | Reached skill level 15 in Axes
 11709 | IceCv    | Reached ****** piety under Okawaru
 11777 | IceCv    | Got a brightly glowing jade ring
 11790 | IceCv    | Identified the ring "Lyclubbu" {+Fly rElec rPois rN+ Int-3}
                  | (You found it in an ice cave)
 12689 | D:10     | Entered Level 10 of the Dungeon
 12803 | D:10     | Noticed Sonja
 12812 | D:10     | Killed Sonja
 13190 | D:10     | Found a staircase to the Orcish Mines.
 13833 | Lair:2   | Reached XP level 13. HP: 85/116 MP: 10/13
 14199 | Lair:3   | Found a staircase to the Swamp.
 14578 | Swamp:1  | Entered Level 1 of the Swamp
 15736 | Swamp:1  | Noticed a thorn hunter
 15759 | Swamp:1  | Killed a thorn hunter
 15780 | Swamp:1  | Reached skill level 15 in Shields
 16219 | Swamp:2  | Received a gift from Okawaru
 16337 | Swamp:2  | Noticed a red very ugly thing
 16356 | Swamp:2  | Killed a red very ugly thing
 16404 | Swamp:2  | Reached skill level 1 in Invocations
 16415 | Swamp:2  | Reached XP level 14. HP: 88/127 MP: 9/15
 17652 | Orc:1    | Entered Level 1 of the Orcish Mines
 17736 | Orc:1    | Noticed Kaneis's ghost (journeyman TrFi)
 17737 | Orc:1    | Found a transporter.
 17755 | Orc:1    | Found a transporter.
 17891 | Orc:1    | Noticed Urug
 17908 | Orc:1    | Killed Urug
 18143 | Orc:1    | Killed Kaneis's ghost
 18386 | Orc:2    | Entered Level 2 of the Orcish Mines
 18580 | Orc:2    | Received a gift from Okawaru
 18826 | Orc:2    | Found a staircase to the Elven Halls.
 18855 | Orc:2    | Found a roughly hewn altar of Beogh.
 18922 | Orc:2    | Paralysed by an orc sorcerer for 3 turns
 18946 | Orc:2    | Found a roughly hewn altar of Beogh.
 19296 | Orc:2    | Paralysed by an orc sorcerer for 6 turns
 19373 | Orc:2    | Noticed an orc warlord
 19427 | Orc:2    | Killed an orc warlord
 19772 | Orc:2    | Found Keywusus's Antique Weapon Emporium.
 19782 | Orc:2    | Found a roughly hewn altar of Beogh.
 19796 | Orc:2    | Found Aheble Aris's Antique Armour Shoppe.
 19836 | Orc:2    | Found a roughly hewn altar of Beogh.
 19840 | Orc:2    | Found Liycox's Armour Shop.
 19884 | Orc:2    | Found a roughly hewn altar of Beogh.
 19924 | Orc:2    | Found a roughly hewn altar of Beogh.
 19967 | Orc:2    | Found Lorupuec's Food Emporium.
 19995 | Orc:2    | Noticed Saint Roka
 20046 | Orc:2    | Killed Saint Roka
 20244 | Orc:2    | Found a roughly hewn altar of Beogh.
 20361 | Orc:2    | Found a roughly hewn altar of Beogh.
 20410 | Orc:2    | Found a roughly hewn altar of Beogh.
 20448 | Elf:1    | Entered Level 1 of the Elven Halls
 20621 | Elf:1    | Lost mutation: Scrolls take you a little longer to read.
                  | [potion of mutation]
 20621 | Elf:1    | Lost mutation: You are clumsy. (Dex -2) [potion of
                  | mutation]
 20621 | Elf:1    | Gained mutation: You possess an exceptional clarity of
                  | mind. [potion of mutation]
 20621 | Elf:1    | Gained mutation: Your spells are a little harder to cast,
                  | but a little more powerful. [potion of mutation]
 20637 | Elf:1    | Received a gift from Okawaru
 21179 | Elf:1    | Reached XP level 15. HP: 98/139 MP: 17/17
 21639 | Elf:1    | You fall into a shaft and drop 1 floor!
 21815 | Elf:2    | Found Nekkeczeu's Gadget Shop.
 22358 | Elf:2    | Noticed a deep elf sorcerer
 22426 | Elf:2    | Killed a deep elf sorcerer
 22525 | Elf:2    | Found a runed translucent gate.
 22525 | Elf:2    | Found a runed translucent gate.
 22526 | Elf:2    | Found a runed translucent gate.
 22552 | Elf:2    | Cast into level 2 of the Abyss (+1 glaive of distortion)
 22587 | Abyss:2  | Found a corrupted altar of Lugonu.
 22588 | Abyss:2  | Found a shimmering blue altar of Sif Muna.
 22616 | Abyss:2  | Noticed a tentacled starspawn
 22633 | Abyss:2  | Killed a tentacled starspawn
 22633 | Abyss:2  | Reached skill level 15 in Fighting
 22798 | Abyss:2  | Reached skill level 15 in Armour
 22867 | Abyss:2  | Paralysed by accursed screaming for 1 turns
 22873 | Abyss:2  | Paralysed by accursed screaming for 2 turns
 22878 | Abyss:2  | Paralysed by accursed screaming for 2 turns
 22988 | Abyss:2  | Noticed a bone dragon
 23142 | Abyss:3  | Found a corrupted altar of Lugonu.
 23143 | Abyss:3  | HP: 5/141 [poisoned by a green very ugly thing]
 23145 | Abyss:3  | HP: 1/141 [poisoned by a green very ugly thing]
 23146 | Abyss:3  | Succumbed to a green very ugly thing's poison

Levels and vault maps discovered:
D:1:      dpeg_arrival_rooms_with_view, layout_loops_ring, minmay_cut_off
D:2:      layout_basic
D:3:      layout_loops_ring, zin_statuary, chequers_ecumenical_altar_island,
          kennysheep_generic_room_2, uniq_robin, uniq_natasha
D:4:      layout_basic, serial_shops, nicolae_shop_trees, shop_fountains, shop,
          nicolae_shop_stone, shop
D:5:      layout_loops_ring, minmay_temple_entry_hall, first_ration,
          uniq_eustachio, uniq_pikel
D:6:      layout_loops_ring, enter_ossuary_2, uniq_edmund
D:7:      minmay_the_grid_octo_tiled_squarecenter
          [minmay_the_grid_octo_pinwheel, minmay_the_grid_octo_77,
          minmay_the_grid_octo_teeth, minmay_the_grid_octo_thin_diamonds,
          minmay_the_grid_square_5x5_megaprize_open,
          minmay_the_grid_square_5x5_n_small,
          minmay_the_grid_square_5x5_two_walls_b,
          minmay_the_grid_square_5x5_doubleslash,
          minmay_the_grid_square_5x5_six_small], layout_gridville,
          chequers_temple_overflow_minitemple, grunt_ogre_cave
D:8:      layout_layer_cave
D:9:      layout_roguey, lemuel_doored_altar, bloody_trog,
          grunt_lair_entry_orc_guard_hut, gammafunk_ghost_arena, bh_chokoban
D:10:     layout_gridville, david_orc_2, serial_glass, glass_columns_c,
          glass_columns_b, uniq_sonja
Temple:   eino_temple_scatter_basement
Lair:1:   layout_hall_layers, portal_ice_cave_entry_imps, grunt_megastairs_2
Lair:2:   layout_misc_corridors
Lair:3:   layout_cave_shapes, swamp_mist_pool, nicolae_quartered_pool_super,
          st_stairs_11
Swamp:1:  layout_falls_marsh, serial_swamp_ruin, evilmike_swamp_ruin_wall,
          evilmike_swamp_ruin_house_2
Swamp:2:  layout_basic_swamp, evilmike_swamp_ruin_rubble_2
Orc:1:    layout_diamond_mine, gammafunk_ghost_arena, uniq_urug
Orc:2:    grunt_orc_community_town_hall, layout_caves,
          grunt_orc_community_big_house_2, grunt_orc_community_big_house_2,
          grunt_orc_community_house_1, grunt_orc_community_house_1,
          grunt_orc_community_house_3, grunt_orc_community_house_3,
          grunt_orc_community_house_2, grunt_orc_community_house_1,
          uniq_saint_roka
Elf:1:    eino_elf_arrival_sip, layout_geoelf_octagon
Elf:2:    layout_loops_corners, serial_shops, shop_fountains, shop_fountains,
          nicolae_shop_stone, nicolae_shop_window_shopping, shop
Abyss:3:  base: Vaults:1, grunt_abyss_rune_wretched_hive, evilmike_abyss_exit_13

Skill      XL: |  1  2  3  4  5  6  7  8  9 10 11 12 13 14 15 |
---------------+----------------------------------------------+-----
Shields        | 4 5 6 7 8 10 11 13 15 16 17 | 17.2
Armour         | 4 5 6 7 8 10 11 13 14 15 | 15.1
Fighting       | 4 5 6 7 9 10 11 12 14 15 | 15.3
Axes           | 3 4 5 7 9 11 12 14 15 16 17 | 17.3
Dodging        | 1 2 |  2.0
Invocations    | 1 2 |  2.7
Throwing       | |  0.2

Action                   |  1- 3 |  4- 6 |  7- 9 | 10-12 | 13-15 || total
-------------------------+-------+-------+-------+-------+-------++-------
Melee: War axe           |    89 |   218 |   389 |   811 |  1545 ||  3052
       Headbutt          |     5 |    29 |    63 |   186 |   351 ||   634
Throw: Boomerang         |    10 |     4 |       |       |       ||    14
       Dart              |     3 |     5 |       |       |       ||     8
Invok: Heroism           |       |       |       |     9 |    19 ||    28
       Finesse           |       |       |       |       |     6 ||     6
 Abil: Evoke Berserk Rag |       |       |     1 |     2 |     1 ||     4
  Use: Scroll            |     5 |     2 |    12 |     3 |    15 ||    37
       Potion            |     3 |     6 |     7 |     8 |    10 ||    34
  Eat: Chunk             |       |     6 |    12 |     9 |    21 ||    48
       Ration            |       |     1 |     1 |     5 |     4 ||    11
Armor: Scale mail        |    34 |    73 |    59 |       |       ||   166
       Chain mail        |       |       |    30 |       |    43 ||    73
       Plate armour      |       |       |   114 |   308 |   412 ||   834
       Skin              |       |       |       |    13 |       ||    13
Dodge: Dodged            |    28 |    50 |    90 |   140 |   293 ||   601
Block: Shield            |    46 |    89 |   217 |   568 |   938 ||  1858
       Reflection        |       |       |       |       |    29 ||    29
